 Dungeon Crawl Stone Soup version 0.29-a0-22-gbf593b16ee (webtiles) character file.

Game seed: 237311066731792947

32 Ajdolov the Chopper (level 3, -1/33 HPs)
             Began as a Hill Orc Fighter on Jan 29, 2022.
             Slain by Terence (10 damage)
             ... on level 2 of the Dungeon.
             The game lasted 00:01:23 (1252 turns).

Ajdolov the Chopper (Hill Orc Fighter)              Turns: 1252, Time: 00:01:24

Health: -1/33      AC:  8    Str: 20    XL:     3   Next: 25%
Magic:  3/3        EV:  9    Int:  8    God:
Gold:   39         SH:  4    Dex: 10    Spells: 2/2 levels left

rFire   . . .      SeeInvis .   a - +0 war axe
rCold   . . .      Faith    .   c - +0 buckler
rNeg    . . .      Spirit   .   b - +0 scale mail
rPois   .          Reflect  .   (no helmet)
rElec   .          Harm     .   (no cloak)
rCorr   .          Rampage  .   g - +0 pair of gloves
Will    .....                   (no boots)
Stlth   ..........              (no amulet)
HPRegen 0.11/turn               (no ring)
MPRegen 0.08/turn               (no ring)

@: no status effects
A: no striking features
a: no special abilities


You were on level 2 of the Dungeon.
You visited 1 branch of the dungeon, and saw 2 of its levels.

You collected 39 gold pieces.

Inventory:

Hand Weapons
 a - a +0 war axe (weapon)
Armour
 b - a +0 scale mail (worn)
 c - a +0 buckler (worn)
 g - a +0 pair of gloves (worn)
Jewellery
 i - an amulet of faith
Scrolls
 e - 2 scrolls of identify {unknown}
 h - a scroll of silence {unknown}
Potions
 d - 5 potions of might
 f - a potion of berserk rage {unknown}


   Skills:
 + Level 4.1 Fighting
 * Level 4.2 Axes
 - Level 3.2 Armour
 - Level 3.2 Shields


You had 2 spell levels left.
You didn't know any spells.
Your spell library contained the following spells:

 Spells                   Type           Power      Damage    Failure   Level
 Summon Forest            Summ/Tloc      0%         N/A       100%        5
 Summon Mana Viper        Hex/Summ       0%         N/A       100%        5
 Summon Cactus Giant      Summ           0%         N/A       100%        6


Dungeon Overview and Level Annotations

Branches:
Dungeon (2/15)

Altars:

Shops:
D:1 (

Annotations:
D:2 Terence


Message History

There is a stone staircase leading down here.
You climb downwards.
Found a stone staircase leading down.
There is a stone staircase leading up here.
Terence the Incautious comes into view.
He is wielding a +0 flail.
Terence shouts!
You hear an angry hiss.
You barely miss Terence. Terence hits you with a +0 flail.
A rat comes into view.
You closely miss Terence. Terence hits you with a +0 flail.
You hit Terence but do no damage. Terence hits you with a +0 flail!
You block Terence's attack.
You slash Terence!
Terence is heavily wounded.
Terence hits you with a +0 flail!
You hit Terence but do no damage.
Terence is heavily wounded.
Terence barely misses you.
You hit Terence but do no damage.
Terence is heavily wounded.
You block Terence's attack.
An adder comes into view.
Terence closely misses you.
You closely miss Terence.
Terence is heavily wounded.
The rat twitches its whiskers.
You block Terence's attack.
You barely miss Terence.
Terence is heavily wounded.
Terence closely misses you.
You slash Terence!
Terence is almost dead.
Terence barely misses you. You block Terence's attack.
You barely miss Terence.
Terence is almost dead.
Terence hits you with a +0 flail.
* * * LOW HITPOINT WARNING * * *
You barely miss Terence.
Terence is almost dead.
Terence hits you with a +0 flail!
You die...

#...###.=.
#.........
#......>..
#.........
#.........
#.........
#.....#
##...#.#
#.<#@..#
#..#@###
#..#rS
#...#..
#### ...
.... ###.#
..


You could see Terence, an adder and a rat.

Vanquished Creatures
  A dart slug (D:1)
  2 ball pythons (D:1)
  3 bats (D:1)
  3 endoplasms (D:1)
  A giant cockroach (D:1)
  2 goblins (D:1)
  4 hobgoblins (D:1)
  3 quokkas (D:1)
  4 frilled lizards (D:1)
  3 kobolds (D:1)
  2 rats (D:1)
28 creatures vanquished.

Notes
Turn   | Place    | Note
-------+----------+-------------------------------------------
     0 | D:1      | Ajdolov the Hill Orc Fighter began the quest for the Orb.
     0 | D:1      | Reached XP level 1. HP: 19/19 MP: 1/1
   278 | D:1      | Reached XP level 2. HP: 19/27 MP: 2/2
   495 | D:1      | Found Upryw's Weapon Shop.
   660 | D:1      | Reached XP level 3. HP: 32/33 MP: 3/3
  1240 | D:2      | Noticed Terence
  1252 | D:2      | Slain by Terence

Illustrated notes

Levels and vault maps discovered:
D:1:      onia_arrival_mini_spirals, layout_basic, serial_shops, shop,
          ebering_dispersal_statue_hall, minmay_small_reverse_x
D:2:      layout_basic, uniq_terence

Skill      XL: |  1  2 |
---------------+-------+-----
Axes           | 3 4 |  4.2
Fighting       | 4 |  4.1
Armour         | |  3.2
Shields        | |  3.2

Action                   || total
-------------------------++-------
Melee: War axe           ||    95
Armor: Scale mail        ||    51
Dodge: Dodged            ||    51
Block: Buckler           ||    20

Table legend: (Time is in decaauts)
 A = Elapsed time spent in this place.
 B = Non-inter-level travel time spent in this place.
 C = Inter-level travel time spent in this place.
 D = Time resting spent in this place.
 E = Time spent auto-exploring this place.
 F = Levels seen in this place.
 G = Mean time per level.
                   A        B        C        D        E       F      G
               +--------+--------+--------+--------+--------+-----+--------+
         Total |   1284 |   1266 |     18 |    208 |    841 |   2 |  642.0 |
       Dungeon |   1284 |   1266 |     18 |    208 |    841 |   2 |  642.0 |
               +--------+--------+--------+--------+--------+-----+--------+

Top non-repeatable levels by time:
     D:1: 1267 daAuts
     D:2: 17 daAuts
